Match 38255975
Unlisted

Match 38255975
End
Construct Barracks
Riflemen Squad
1⁄4-ton 4x4 Truck
Riflemen Squad
M1 Mortar Team
Grenade Package
Riflemen Squad
Construct Medical Station
Selects Armored Battlegroup
Selects Veteran Crews
Mechanized Support Center
Engineer Squad
Construct Tank Depot
Designate Forward Repair Station
Selects Fast Deploy
Selects M8 Scott SPG
Selects UNKNOWN (2160077)
M4A3E8 Sherman Easy Eight
Selects M31 Recovery Vehicle
Bruistablet
Professor gibberish
Banana
Ghost
Roberto
Dauskun
Mou
lazhadeg
0
0

Comments sign in to comment!

No comments posted yet!